 Dungeon Crawl Stone Soup version 0.17-a0-1115-g0372368 (webtiles) character file.

456897 Gorice the Acrobat (level 25, -7/168 HPs)
             Began as a Kobold Wanderer on May 17, 2015.
             Was the Champion of Okawaru.
             Killed from afar by a spriggan druid (26 damage)
             ... with a stone arrow
             ... on level 3 of the Depths on May 23, 2015.
             The game lasted 12:50:39 (101868 turns).

Gorice the Acrobat (Kobold Wanderer)              Turns: 101868, Time: 12:50:39

Health: -7/168     AC: 35    Str: 22    XL:     25   Next: 61%
Magic:  0/30       EV: 33    Int: 21    God:    Okawaru [******]
Gold:   2930       SH:  0    Dex: 22    Spells: 2 memorised, 22 levels left

rFire  + + .     SeeInvis .     w - +5 eudemon blade (holy)
rCold  . . .     Clarity  .     G - +8 fire dragon armour
rNeg   + + +     SustAt   .     (shield restricted)
rPois  +         Gourm    .     d - +2 hat {Spirit}
rElec  .         Spirit   +     W - +2 cloak {rPois}
rCorr  .         Warding  +     C - +2 pair of gloves
rMut   .         Stasis   .     Q - +2 pair of boots {Fly}
MR     +....                    r - amulet of warding
Stlth  ++++++....               T - ring of the Present {rN+ Str+4 Int+5}
                                U - ring "Poskape" {rC+ rN+ Str+3 Int+2 Dex+3}

@: flying, very slightly contaminated, slowed, very slow, somewhat resistant to
hostile enchantments, very stealthy
A: carnivore 3
a: Heroism, Finesse, Renounce Religion, Stop Flying
}: 2/15 runes: barnacled, gossamer


You were on level 3 of the Depths.
You worshipped Okawaru.
Okawaru was exalted by your worship.
You were very full.

You visited 9 branches of the dungeon, and saw 46 of its levels.
You visited the Abyss 1 time.
You also visited: Ice Cave and Volcano.

You collected 7468 gold pieces.
You spent 4538 gold pieces at shops.

Inventory:

Hand weapons
 a - a +12 quick blade of protection
   (Okawaru gifted it to you on level 6 of the Lair of Beasts)
 b - a +5 triple crossbow of velocity
   (Okawaru gifted it to you on level 7 of the Lair of Beasts)
 w - a +5 eudemon blade of holy wrath (weapon)
   (You took it off a daeva on level 2 of the Depths)
Missiles
 g - 31 bolts of flame
 k - 33 steel bolts
 q - 662 bolts
 s - 46 bolts of penetration
Armour
 d - a +2 hat of spirit shield (worn)
   (Okawaru gifted it to you on level 2 of the Vaults)
 C - a +2 pair of gloves (worn)
 G - a +8 fire dragon armour (worn)
 Q - a +2 pair of boots of flying (worn)
   (Okawaru gifted it to you on level 8 of the Lair of Beasts)
 W - a +2 cloak of poison resistance (worn)
   (You took it off Maurice on level 13 of the Dungeon)
Rods
 I - a +1 rod of inaccuracy (13/13) {!a}
   (You found it on level 14 of the Dungeon)
Jewellery
 j - an uncursed ring of wizardry
 n - an uncursed ring of see invisible
 o - the ring "Jadghe" {Int+4 Slay+3}
   (You acquired it on level 1 of the Lair of Beasts)

   [ring of slaying]

   It affects your intelligence (+4).
   It affects your accuracy and damage with ranged weapons and melee attacks
   (+3).
 r - an amulet of warding (around neck)
 u - an uncursed ring of teleport control
 A - the ring "Unlusuib" {SustAt MR+ Dex+3}
   (You acquired it on level 13 of the Dungeon)

   [ring of sustain attributes]

   It sustains your strength, intelligence and dexterity.
   It affects your dexterity (+3).
   It affects your resistance to hostile enchantments.
 N - an uncursed amulet of stasis
 S - an uncursed amulet of resist corrosion
 T - the ring of the Present (right hand) {rN+ Str+4 Int+5}
   (You found it on level 3 of the Crypt)

   [ring of positive energy]

   It affects your strength (+4).
   It affects your intelligence (+5).
   It protects you from negative energy.
 U - the ring "Poskape" (left hand) {rC+ rN+ Str+3 Int+2 Dex+3}
   (You found it on level 3 of the Crypt)

   [ring of positive energy]

   It affects your strength (+3).
   It affects your intelligence (+2).
   It affects your dexterity (+3).
   It protects you from cold.
   It protects you from negative energy.
 V - the ring of Duduaxt {rElec rF+ MR+ MP-9}
   (You found it on level 3 of the Spider Nest)

   [ring of protection from fire]

   It protects you from fire.
   It insulates you from electricity.
   It affects your resistance to hostile enchantments.
   It affects your magic capacity (-9).
 X - the ring "Nybbid" {rElec rF- rC+ rN+ MR+}
   (You found it on level 3 of the Crypt)

   [ring of positive energy]

   It makes you vulnerable to fire.
   It protects you from cold.
   It insulates you from electricity.
   It protects you from negative energy.
   It affects your resistance to hostile enchantments.
Magical devices
 c - a wand of teleportation (6) {!d}
 p - a wand of digging (9)
 v - a wand of disintegration (13)
Scrolls
 e - a scroll of teleportation {!r}
 x - 5 scrolls of fog
 y - 14 scrolls of remove curse
 D - a scroll of fear {!r}
 F - 14 scrolls of identify
 H - a scroll of summoning {!r}
 K - a scroll of amnesia
 O - 4 scrolls of blinking
Potions
 h - 4 potions of agility {!q}
 l - 12 potions of curing
 m - 10 potions of might {!q}
 t - 4 potions of cancellation {!q}
 z - 2 potions of heal wounds {!q}
 E - 4 potions of haste {!q}
 J - 3 potions of resistance {!q}
 P - 3 potions of invisibility {!q}
Miscellaneous
 L - a lantern of shadows
 Z - a sack of spiders
Comestibles
 f - 17 meat rations {!e}
 i - 6 beef jerkies
 B - a slice of pizza


   Skills:
 - Level 20.1 Fighting
 - Level 12.0(14.7) Short Blades
 + Level 9.7(10.8) Long Blades
 - Level 18.0 Crossbows
 * Level 17.3 Armour
 - Level 22.0 Dodging
 - Level 15.1 Stealth
   Level 1.0 Shields
 - Level 1.0 Unarmed Combat
 - Level 8.0 Invocations
 - Level 10.2 Evocations


You had 22 spell levels left.
You knew the following spells:

 Your Spells              Type           Power        Failure   Level  Hunger
A - Apportation           Tloc           #.........   38%         1    ##.....
B - Summon Butterflies    Summ           #.......     38%         1    ##.....


Dungeon Overview and Level Annotations

Branches:
Dungeon (15/15)            Temple (1/1) D:5            Lair (8/8) D:9
 Shoals (4/4) Lair:6       Spider (4/4) Lair:4        Slime (0/6) Lair:7
    Orc (4/4) D:10            Elf (0/3) Orc:4        Vaults (4/5) D:14
  Crypt (3/3) Vaults:2       Tomb (0/3) Crypt:3      Depths (3/5) D:15

Altars:
Ashenzari
Cheibriados
Dithmenos
Elyvilon
Fedhas
Gozag
Kikubaaqudgha
Makhleb
Nemelex Xobeh
Okawaru
Qazlal
Ru
Sif Muna
Trog
Vehumet
Xom
Yredelemnul
Zin
The Shining One
Jiyva
Lugonu

Shops:
D:10 !   D:11 (   Orc:1 ?   Orc:4 [([[   Shoals:3 *   Vaults:2 *

Portals:
Hell: Depths:1 Depths:2 Depths:3*
Abyss: Depths:1 Depths:2 Depths:3
Pandemonium: Depths:1 Depths:3
Ziggurat: Depths:3
Trove: D:10 (give 7 potions of haste)

Annotations:
D:12 red dragon somewhere
Lair:7 1 runed door
Crypt:3 Khufu
Depths:2 4 runed doors, vpUX Mennas, Mennas
Depths:3 the Enchantress


Innate Abilities, Weirdness & Mutations

You are small and have problems with some larger weapons.
You are carnivorous and can eat meat at any time.


Message History

The six-headed hydra bites you but does no damage.
The six-headed hydra completely misses you.
A spriggan druid comes into view. It is wielding a quarterstaff of speed.
The six-headed hydra misses you. x2
The six-headed hydra bites you but does no damage.
The six-headed hydra misses you.
The six-headed hydra bites you but does no damage. x2
You hear a grinding noise.
The lich casts a spell.
The lich casts a spell.
The six-headed hydra completely misses you. x2
The six-headed hydra bites you but does no damage.
The six-headed hydra misses you.
The six-headed hydra completely misses you.
The six-headed hydra closely misses you.
The spriggan druid calls out to the beasts of the wild!
The six-headed hydra closely misses you.
The six-headed hydra completely misses you.
The six-headed hydra bites you but does no damage.
The six-headed hydra completely misses you.
The six-headed hydra bites you but does no damage.
The six-headed hydra completely misses you.
A dire elephant comes into view.
The shadow demon gestures.
The six-headed hydra completely misses you.
The six-headed hydra bites you but does no damage.
The six-headed hydra barely misses you.
The six-headed hydra closely misses you.
The six-headed hydra completely misses you. x2
The lich gestures at you while chanting.
You feel haunted.
The spriggan druid casts a spell at you.
The stone arrow misses you.
The phantasmal warrior blinks!
The wraith completely misses you.
The phantasmal warrior completely misses you.
The six-headed hydra completely misses you.
The six-headed hydra misses you.
The six-headed hydra completely misses you.
The six-headed hydra misses you.
The six-headed hydra completely misses you.
The six-headed hydra bites you but does no damage.
The spriggan druid points at you and mumbles some strange words.
The stone arrow hits you!
* * * LOW HITPOINT WARNING * * *
The phantasmal warrior blinks!
The deep troll earth mage gestures next to the deep troll earth mage while chanting.
Some rock shatters into small pieces.
The spriggan druid casts a spell at you.
The stone arrow hits you!
You die...

.<..................#.......###..
....#...##......##..###....#...#.
....i.######.......###.∩..#....#.
......i........(...##..#..#...∩..
..............<........#..#..#...
.####.......##..........).#..#...
## ##......##..<).........#..###
# #..P(..##..............#.... #
#P.....##..@........##..#... #
#PP....##..W(i.............. #
#PP....##.§1.(.W............ #
#####..#####DT.W..≈≈....#... #
#... ##..2..≈....##... #
#.....≈..####... # #..T.....#
#... # #..L.≈≈.#####... #
#....≈≈g...##...


You could see a Hell Sentinel, a lich, a six-headed hydra, a green death, 2
phantasmal warriors, 2 deep troll earth magi, a spriggan druid and a wraith.

Vanquished Creatures
  Sojobo (Depths:1)
  Margery (Vaults:4)
  The ghost of ololoev the Metallomancer, a mighty FoEE of Vehumet (Vaults:1)
  Saint Roka (Vaults:4)
  A golden dragon (Vaults:4)
  Nikola (Shoals:3)
  A bone dragon (Crypt:3)
  A profane servitor (Crypt:3)
  Jorgrun (Shoals:4)
  4 liches
  Rupert (Lair:6)
  A tentacled monstrosity (Vaults:4)
  Asterion (Spider:2)
  A sphinx (Depths:1)
  2 ancient champions
  Agnes (D:15)
  Kirke (D:15)
  A storm dragon (Vaults:4)
  2 tengu reavers (Depths:1)
  3 daevas (Depths:2)
  Ilsuiw (Shoals:3)
  Wiglaf (Spider:3)
  3 revenants
  2 frost giants
  Donald (Spider:2)
  Maud (Lair:4)
  9 vault wardens
  A deep elf sorcerer (Vaults:4)
  7 emperor scorpions
  Aizul (Spider:2)
  Louise (Shoals:3)
  5 ghost moths
  4 ghouls
  3 angels (Depths:2)
  11 very ugly things
  14 stone giants
  A spriggan defender (Depths:2)
  2 vampire knights
  A caustic shrike skeleton (Depths:1)
  5 ironheart preservers
  Nessos (D:15)
  A deep elf demonologist (Depths:3)
  A dire elephant (shapeshifter) (Vaults:1)
  10 eidola
  3 deep elf death magi
  9 vault guards
  6 merfolk javelineers
  14 merfolk impalers
  5 ettins
  2 mummy priests (Crypt:3)
  22 jiangshi
  8 fire dragons
  8 yaktaur captains
  Fannar (Lair:2)
  5 entropy weavers
  6 great orbs of eyes
  3 rakshasas
  6 ice dragons
  2 hell beasts
  11 hydras
  5 merfolk avatars
  A spriggan air mage (Depths:2)
  5 death knights
  7 ogre magi
  4 vampire magi
  2 anacondas (Depths:3)
  3 alligator snapping turtles
  10 centaur warriors
  6 merfolk aquamancers
  16 death yaks
  An anaconda (shapeshifter) (Depths:2)
  5 tengu warriors
  6 deep troll earth magi
  2 salamander stormcallers
  A soul eater (Depths:1)
  A titan zombie (Crypt:1)
  5 deep troll shamans
  Urug (Lair:4)
  2 spriggan berserkers (Depths:2)
  Sonja (D:12)
  A sun demon (Depths:2)
  5 orc high priests (Orc:4)
  10 hell knights
  A fire crab (Vaults:3)
  4 unseen horrors
  31 skeletal warriors
  5 deep elf knights
  An ice devil (Lair:2)
  5 flayed ghosts
  3 iron trolls
  A deep elf summoner (Vaults:1)
  A ghost moth zombie (Spider:3)
  A giant orange brain (shapeshifter) (Depths:2)
  6 cherubim (Depths:2)
  19 deep trolls
  A death drake (shapeshifter) (Vaults:3)
  3 phantasmal warriors
  14 sea snakes
  2 giant orange brains (Vaults:2)
  7 shadow wraiths
  16 orc knights
  A wizard (Depths:3)
  3 ice statues
  An anaconda zombie (Crypt:1)
  A lindwurm (shapeshifter) (Depths:1)
  2 large abominations (Crypt:3)
  5 small abominations
  2 lindwurms (Lair:4)
  21 harpies
  A deep elf conjurer (Vaults:3)
  An iron dragon zombie (Crypt:2)
  A swamp dragon (shapeshifter) (Vaults:2)
  5 hill giants
  A manticore (shapeshifter) (D:14)
  6 necromancers
  5 fauns
  13 ironbrand convokers
  2 moths of wrath
  9 water nymphs
  7 cyclopes
  A frost giant zombie (Crypt:2)
  51 ugly things
  2 hornets (shapeshifter) (Vaults:1)
  A moth of wrath (shapeshifter) (Vaults:4)
  11 griffons
  A salamander (shapeshifter) (Depths:1)
  21 orb spiders
  A titan simulacrum (Crypt:2)
  3 hornets
  An iron dragon skeleton (Depths:1)
  2 oklob plants
  5 orc sorcerers
  8 vault sentinels
  A frost giant skeleton (Depths:1)
  13 manticores
  18 elephants
  35 wolf spiders
  A guardian serpent (Lair:8)
  Maurice (D:13)
  2 centaur zombies
  A drowned soul (Shoals:2)
  A fire giant skeleton (Crypt:3)
  3 gargoyles
  11 sirens
  2 molten gargoyles (Volcano)
  A torpor snail (Spider:4)
  A rust devil (Depths:3)
  An anaconda simulacrum (Crypt:3)
  5 kobold demonologists
  33 yaktaurs
  11 black mambas
  19 spiny frogs
  A catoblepas zombie (Crypt:2)
  16 demonic crawlers
  An emperor scorpion zombie (Spider:3)
  2 fire drakes
  9 wandering mushrooms
  7 guardian mummies (Crypt:3)
  A red devil (Depths:3)
  An efreet (D:15)
  A jumping spider (shapeshifter) (Depths:2)
  A death drake zombie (Crypt:1)
  14 komodo dragons
  5 deep elf priests
  19 merfolk
  A merfolk (shapeshifter) (Vaults:1)
  9 trolls
  A yaktaur (shapeshifter) (Vaults:3)
  A harpy zombie (Crypt:2)
  11 freezing wraiths
  A queen bee (shapeshifter) (Depths:2)
  3 tengu conjurers
  17 two-headed ogres
  3 polar bears
  3 wind drakes
  A death yak skeleton (Crypt:1)
  A fire vortex (Vaults:4)
  A hellwing (Depths:3)
  A blue devil (Depths:3)
  Grinder (D:4)
  32 jumping spiders
  17 blink frogs
  A harpy skeleton (Crypt:1)
  25 slime creatures
  A moth of wrath zombie (Spider:3)
  9 ravens
  An ettin zombie (Crypt:3)
  7 boulder beetles
  3 tarantella zombies (Spider:3)
  A jumping spider zombie (Spider:3)
  A trapdoor spider zombie (Spider:3)
  45 flying skulls
  14 snapping turtles
  A centaur simulacrum (D:14)
  Sigmund (D:6)
  8 trapdoor spiders
  9 basilisks
  7 shadows
  60 yaks
  A vampire (Crypt:1)
  54 redbacks
  15 water elementals
  8 deep elf fighters
  4 deep elf magi
  4 fire bats (Volcano)
  A spriggan (shapeshifter) (Vaults:4)
  28 tarantellas
  7 wyverns
  A fire dragon skeleton (Crypt:2)
  3 spriggans
  7 vampire mosquitoes
  11 wraiths
  Eustachio (D:4)
  2 steam dragons
  19 hippogriffs
  8 wolves
  A hippogriff (shapeshifter) (Vaults:4)
  A hungry ghost (Crypt:3)
  32 water moccasins
  2 gelid demonspawn zombies (Crypt:1)
  A yaktaur simulacrum (Depths:1)
  9 wargs
  A warg (shapeshifter) (D:15)
  A naga (shapeshifter) (Vaults:2)
  15 porcupines
  A torturous demonspawn skeleton (Crypt:2)
  Duvessa (D:6)
  4 soldier ants (Spider:3)
  21 spiders
  5 mottled dragons
  6 sky beasts
  59 orc warriors
  16 boggarts
  A black bear (shapeshifter) (Depths:2)
  2 swamp drakes (Lair:8)
  An elephant zombie (Crypt:1)
  3 phantoms
  7 necrophages
  4 black bears
  45 ogres
  7 wasps
  38 ice beasts
  An eye of draining (D:13)
  An ogre (shapeshifter) (Vaults:3)
  19 centaurs
  22 crocodiles
  24 giant frogs
  A fire drake zombie (Crypt:2)
  4 lost souls
  4 brain worms (Spider:3)
  8 big kobolds
  A deep troll simulacrum (Vaults:3)
  A komodo dragon skeleton (Crypt:1)
  A wyvern skeleton (D:14)
  19 scorpions
  Dowan (D:6)
  A queen bee zombie (Crypt:1)
  2 electric eels
  9 killer bees
  6 lava snakes (Volcano)
  9 wights
  2 oklob saplings (D:10)
  A wasp zombie (D:13)
  18 crimson imps
  2 giant frog skeletons
  A giant frog zombie (D:10)
  5 hounds
  8 centaur skeletons
  52 orc priests
  A soldier ant zombie (Crypt:2)
  6 jellies
  2 iron imps
  26 sheep
  29 worker ants
  8 iguanas
  43 orc wizards
  A killer bee zombie (D:10)
  A brain worm zombie (Crypt:2)
  A hound skeleton (D:10)
  7 gnolls
  64 river rats
  25 adders
  7 shadow imps
  4 white imps
  An ooze (D:3)
  An adder zombie (D:7)
  A sheep skeleton (Crypt:2)
  4 worms
  7 giant geckos
  289 orcs
  A ball python (D:1)
  15 bats
  A bat skeleton (D:7)
  3 giant cockroaches
  22 goblins
  19 hobgoblins
  11 jackals
  32 kobolds
  6 quokkas
  5 giant newts
  A giant newt skeleton (Crypt:2)
  A jackal skeleton (Crypt:2)
  13 rats
  9 crawling corpses (Spider:3)
  A fungus (D:1)
  2 plants
2528 creatures vanquished.

Vanquished Creatures (others)
  An eldritch tentacle (Crypt:2)
  7 drowned souls
  A large abomination (Depths:2)
  A yaktaur (Vaults:4)
  2 fire vortices (Vaults:4)
  2 redbacks
  5 humans (D:15)
  A spider (Spider:3)
  An ogre (Depths:1)
  4 lost souls
  A sheep (Lair:4)
  A shadow imp (Depths:3)
  An orc (Vaults:4)
  84 eldritch tentacle segments (Crypt:2)
  15 fungi
  32 plants
  10 tentacles (Shoals:4)
  348 tentacle segments (Shoals:4)
  14 toadstools (Lair:4)
531 creatures vanquished.

Grand Total: 3059 creatures vanquished

Notes
Turn   | Place    | Note
--------------------------------------------------------------
     0 | D:1      | Gorice the Kobold Wanderer began the quest for the Orb.
     0 | D:1      | Gorice set off with: a +2 short sword, a potion of lignification {!q}, a potion of curing, a +0 robe, a +0 dagger, a meat ration {!e}
     0 | D:1      | Reached XP level 1. HP: 12/12 MP: 1/1
    40 | D:1      | Reached skill level 2 in Short Blades
    87 | D:1      | Reached XP level 2. HP: 17/17 MP: 2/2
   234 | D:1      | Reached skill level 3 in Short Blades
   634 | D:1      | Reached XP level 3. HP: 18/21 MP: 3/3
   811 | D:2      | HP: 4/21 [worm (6)]
  1062 | D:2      | Reached skill level 4 in Short Blades
  1075 | D:2      | Found a sacrificial altar of Ru.
  1078 | D:2      | Reached XP level 4. HP: 26/26 MP: 4/4
  1092 | D:2      | Reached skill level 5 in Short Blades
  1844 | D:2      | Reached XP level 5. HP: 12/30 MP: 5/5
  2077 | D:3      | Reached skill level 6 in Short Blades
  2317 | D:3      | HP: 5/30 [gnoll/spear (6)]
  2620 | D:1      | HP: 6/30 [gnoll/spear (5)]
  2857 | D:2      | Reached skill level 7 in Short Blades
  2862 | D:2      | Reached XP level 6. HP: 29/35 MP: 6/6
  3139 | D:4      | Noticed Eustachio
  3214 | D:4      | HP: 10/35 [poisoned by a worker ant]
  3288 | D:4      | HP: 7/35 [orc/whip (5)]
  3297 | D:4      | HP: 6/35 [orc/whip (2)]
  3656 | D:4      | Noticed Grinder
  3703 | D:3      | Reached skill level 8 in Short Blades
  3991 | D:4      | Paralysed by Grinder for 6 turns
  4007 | D:4      | Killed Grinder
  4007 | D:4      | Reached skill level 9 in Short Blades
  4007 | D:4      | Reached XP level 7. HP: 40/40 MP: 7/7
  4102 | D:4      | Found an opulent altar of Gozag.
  4104 | D:4      | Found a bloodstained altar of Trog.
  4106 | D:4      | Found a basalt altar of Yredelemnul.
  4223 | D:4      | Found an ancient bone altar of Kikubaaqudgha.
  4383 | D:4      | Upgraded the game from 0.17-a0-1069-g92ad481 to 0.17-a0-1078-g243345b
  4424 | D:5      | Entered Level 5 of the Dungeon
  4657 | D:5      | Reached skill level 10 in Short Blades
  4889 | D:5      | Found a staircase to the Ecumenical Temple.
  4941 | Temple   | Entered the Ecumenical Temple
  5147 | Temple   | Became a worshipper of Warmaster Okawaru
  5461 | D:5      | Found a shattered altar of Ashenzari.
  5518 | D:5      | Reached XP level 8. HP: 44/44 MP: 8/8
  5932 | D:6      | Noticed Duvessa
  6052 | D:6      | Reached skill level 11 in Short Blades
  6075 | D:6      | Noticed Sigmund
  6086 | D:6      | HP: 12/44 [Sigmund/puff of flame (6)]
  6100 | D:5      | HP: 12/44 [rat (2)]
  6560 | D:6      | Reached skill level 3 in Dodging
  6661 | D:6      | Reached skill level 3 in Fighting
  6926 | D:6      | Noticed Dowan
  7412 | D:7      | Reached skill level 4 in Dodging
  7449 | D:7      | HP: 14/48 [poisoned by an orc wizard]
  7667 | D:6      | Acquired Okawaru's first power
  7667 | D:6      | Reached skill level 4 in Fighting
  8034 | D:7      | Reached skill level 5 in Dodging
  8343 | D:7      | Reached skill level 5 in Fighting
  8386 | D:7      | Reached XP level 9. HP: 48/54 MP: 9/9
  8407 | D:7      | Found a glowing silver altar of Zin.
  8751 | D:8      | Reached skill level 6 in Dodging
  8816 | D:8      | Reached skill level 6 in Fighting
  9220 | D:8      | Reached skill level 7 in Dodging
  9906 | D:8      | Reached skill level 7 in Fighting
 10140 | D:8      | Reached skill level 8 in Dodging
 10479 | D:9      | Found a deep blue altar of Sif Muna.
 10542 | D:8      | HP: 12/58 [yak (9)]
 10557 | D:8      | Reached XP level 10. HP: 22/64 MP: 7/10
 10805 | D:8      | Reached skill level 8 in Fighting
 10980 | D:8      | Reached skill level 9 in Dodging
 11365 | D:8      | HP: 12/65 [porcupine (9)]
 12133 | D:8      | Reached skill level 9 in Fighting
 12276 | D:8      | HP: 15/66 [basilisk (10)]
 12277 | D:8      | HP: 5/66 [basilisk (10)]
 12701 | D:8      | Reached skill level 10 in Dodging
 13264 | D:9      | Noticed an unseen horror
 13385 | D:9      | Killed an unseen horror
 13385 | D:9      | Reached skill level 6 in Stealth
 13426 | D:9      | HP: 17/66 [sky beast (6)]
 13471 | D:9      | HP: 14/66 [porcupine's spines (6)]
 13480 | D:8      | HP: 15/66 [porcupine's spines (7)]
 13497 | D:8      | Reached skill level 11 in Dodging
 13991 | D:9      | Found a staircase to the Lair.
 14043 | D:9      | Reached XP level 11. HP: 68/71 MP: 11/11
 14056 | D:9      | Reached skill level 7 in Stealth
 14250 | D:8      | HP: 20/71 [yak (4)]
 14584 | D:8      | Reached skill level 8 in Stealth
 15221 | D:4      | Killed Eustachio
 15221 | D:4      | Reached skill level 12 in Dodging
 15221 | D:4      | Reached skill level 9 in Stealth
 15816 | D:6      | Killed Dowan
 15825 | D:6      | Killed Duvessa
 15970 | D:6      | Killed Sigmund
 16072 | D:6      | Learned a level 1 spell: Summon Butterflies
 16168 | Lair:1   | Entered Level 1 of the Lair of Beasts
 16509 | Lair:1   | HP: 9/71 [komodo dragon (17)]
 16523 | Lair:1   | Reached skill level 10 in Stealth
 16863 | Lair:1   | Found a white marble altar of Elyvilon.
 17120 | Lair:1   | Acquired Okawaru's second power
 17549 | Lair:1   | HP: 18/71 [spiny frog (7)]
 18119 | Lair:1   | Reached skill level 13 in Dodging
 18131 | Lair:1   | Reached skill level 11 in Stealth
 18657 | Lair:2   | Noticed a griffon
 18667 | Lair:2   | Killed a griffon
 18691 | Lair:2   | Got a distressingly furry leather armour
 18714 | Lair:2   | Identified the cursed +1 leather armour of Nemelex Xobeh's Whim {MP+9} (You found it on level 2 of the Lair of Beasts)
 18745 | Lair:2   | Reached XP level 12. HP: 76/76 MP: 12/12
 18843 | Lair:2   | Noticed a griffon
 18875 | Lair:2   | Killed a griffon
 18875 | Lair:2   | Reached skill level 12 in Stealth
 19074 | Lair:2   | Noticed a seven-headed hydra
 19115 | Lair:2   | Noticed an ice devil
 19115 | Lair:2   | Noticed an ice statue
 19443 | D:10     | Entered Level 10 of the Dungeon
 19451 | D:10     | Found an opulent altar of Gozag.
 19466 | D:10     | Found a portal to a secret trove of treasure.
 19865 | D:10     | Found Gakk's Distillery.
 19873 | D:10     | Bought a potion of might for 48 gold pieces
 19873 | D:10     | Bought a potion of heal wounds for 60 gold pieces
 19892 | D:10     | Found a staircase to the Orcish Mines.
 19981 | D:10     | Found a blossoming altar of Fedhas.
 20298 | D:10     | Reached skill level 14 in Dodging
 20357 | D:10     | HP: 20/76 [manticore (7)]
 20367 | D:10     | HP: 21/76 [manticore (7)]
 20767 | D:10     | Reached skill level 13 in Stealth
 21077 | Orc:1    | Entered Level 1 of the Orcish Mines
 21200 | Orc:1    | Found Poov's Magic Scroll Boutique.
 21203 | Orc:1    | Bought a scroll of identify for 26 gold pieces
 21203 | Orc:1    | Bought a scroll of identify for 26 gold pieces
 21203 | Orc:1    | Bought a scroll of identify for 26 gold pieces
 21203 | Orc:1    | Bought a scroll of blinking for 97 gold pieces
 21203 | Orc:1    | Bought a scroll of brand weapon for 260 gold pieces
 21502 | Orc:1    | HP: 18/76 [orc/flail (6)]
 21508 | Orc:1    | HP: 18/76 [orc wizard/magic dart (1)]
 23086 | Orc:1    | Received a gift from Okawaru
 23353 | Orc:2    | Reached skill level 14 in Stealth
 23873 | Orc:3    | Found a frozen archway.
 23942 | Orc:3    | Reached skill level 15 in Dodging
 24015 | Orc:3    | HP: 18/76 [ice beast (6)]
 24049 | Orc:3    | Reached XP level 13. HP: 24/80 MP: 13/13
 24149 | IceCv    | Entered an ice cave
 25421 | IceCv    | Reached skill level 15 in Stealth
 26034 | Orc:3    | Reached skill level 16 in Dodging
 26399 | Orc:3    | Reached skill level 10 in Fighting
 27015 | Orc:4    | Entered Level 4 of the Orcish Mines
 27015 | Orc:4    | Found a staircase to the Elven Halls.
 28808 | Orc:4    | HP: 22/84 [orc priest/divine providence (12)]
 29194 | Orc:4    | Reached skill level 11 in Fighting
 29266 | Orc:4    | HP: 14/84 [orc knight/battleaxe (25)]
 29634 | Orc:4    | HP: 21/84 [red devil/demon trident of flaming[an orc high priest] (5)]
 29636 | Orc:4    | HP: 8/84 [sixfirhy[an orc high priest] (7)]
 30168 | Lair:2   | Noticed Fannar
 30177 | Lair:2   | Killed Fannar
 31534 | Lair:2   | Reached skill level 12 in Fighting
 31534 | Lair:2   | Reached XP level 14. HP: 89/92 MP: 14/14
 32155 | Lair:3   | HP: 25/92 [eight-headed hydra (11)]
 32894 | Lair:3   | Received a gift from Okawaru
 32894 | Lair:3   | Reached skill level 17 in Dodging
 33183 | Lair:4   | HP: 25/92 [blink frog (16)]
 33614 | Lair:4   | Found a hole to the Spider Nest.
 33771 | Lair:4   | Noticed Maud
 33798 | Lair:4   | Noticed Urug
 34339 | D:11     | Reached skill level 1 in Crossbows
 34438 | D:11     | Reached skill level 13 in Fighting
 34497 | D:11     | Reached skill level 2 in Crossbows
 34927 | D:11     | Found Paci's Weapon Boutique.
 34945 | D:11     | Reached skill level 3 in Crossbows
 35465 | D:12     | Reached skill level 4 in Crossbows
 35908 | D:12     | Noticed Sonja
 35954 | D:12     | Killed Sonja
 36516 | D:12     | Reached skill level 5 in Crossbows
 36709 | D:13     | Noticed Maurice
 36741 | D:13     | Killed Maurice
 37275 | D:12     | Received a gift from Okawaru
 37716 | D:13     | Reached skill level 14 in Fighting
 37768 | D:13     | Reached skill level 6 in Crossbows
 37988 | D:13     | Received a gift from Okawaru
 38182 | D:13     | HP: 28/96 [white ugly thing (7)]
 38192 | D:13     | HP: 24/96 [white ugly thing (6)]
 39225 | Orc:4    | HP: 28/96 [orc knight/uncursed great mace (31)]
 39229 | Orc:4    | HP: 8/96 [orc knight/uncursed great mace (21)]
 39563 | Orc:4    | Reached skill level 1 in Invocations
 39563 | Orc:4    | Reached XP level 15. HP: 100/100 MP: 13/15
 39827 | Orc:4    | Reached skill level 7 in Crossbows
 39847 | Orc:4    | Received a gift from Okawaru
 39847 | Orc:4    | Reached skill level 2 in Invocations
 39970 | Orc:4    | Found Adish's Antique Armour Shop.
 39970 | Orc:4    | Found Amiyrchat's Armour Shop.
 40175 | Orc:4    | Reached skill level 3 in Invocations
 40209 | Orc:4    | Found Owicryrr's Weapon Boutique.
 40209 | Orc:4    | Found Istuloph's Antique Armour Shop.
 40223 | Orc:4    | Bought a pair of embroidered gloves for 144 gold pieces
 40237 | Orc:4    | Bought a shiny fire dragon armour for 2340 gold pieces
 40822 | Lair:4   | Reached skill level 8 in Crossbows
 40915 | Lair:4   | Upgraded the game from 0.17-a0-1078-g243345b to 0.17-a0-1093-g0b3cd89
 40929 | Lair:4   | Killed Maud
 41341 | Lair:4   | Killed Urug
 42177 | Lair:4   | Received a gift from Okawaru
 42177 | Lair:4   | Reached skill level 9 in Crossbows
 44127 | Lair:6   | Reached skill level 10 in Crossbows
 44133 | Lair:6   | HP: 24/101 [spiny frog (16)]
 44136 | Lair:6   | Reached skill level 15 in Fighting
 44645 | Lair:6   | Reached skill level 4 in Invocations
 44734 | Lair:6   | Reached skill level 1 in Armour
 44804 | Lair:6   | Noticed Rupert
 44812 | Lair:6   | Killed Rupert
 44812 | Lair:6   | Received a gift from Okawaru
 44812 | Lair:6   | Reached skill level 2 in Armour
 44816 | Lair:6   | --+12 quickblade, first decent gift from Oka!
 44914 | Lair:6   | Found a staircase to the Shoals.
 45213 | Lair:3   | Reached skill level 3 in Armour
 45701 | Lair:7   | Identified Mnoleg's Catalogue of the Entourage (You found it on level 7 of the Lair of Beasts)
 45731 | Lair:7   | Reached skill level 5 in Invocations
 45781 | Lair:7   | Found a runed door.
 45781 | Lair:7   | Found a viscous altar of Jiyva.
 45781 | Lair:7   | Found a staircase to the Slime Pits.
 45781 | Lair:7   | Noticed an acid blob
 45928 | Lair:7   | Found a dark tunnel.
 45943 | Volcano  | Entered a volcano
 46105 | Volcano  | Found a bloodstained altar of Trog.
 46258 | Volcano  | Reached skill level 4 in Armour
 46490 | Lair:7   | Reached XP level 16. HP: 108/108 MP: 20/20
 46661 | Lair:7   | Received a gift from Okawaru
 47168 | Lair:7   | Reached skill level 5 in Armour
 47182 | Lair:7   | Reached skill level 6 in Invocations
 48192 | Lair:4   | Reached skill level 6 in Armour
 48362 | Lair:1   | Identified a scroll of acquirement
 48363 | Lair:1   | Got a sparkling golden ring
 48365 | Lair:1   | Identified the ring "Jadghe" {Int+4 Slay+3} (You acquired it on level 1 of the Lair of Beasts)
 48631 | Orc:4    | Bought a jewelled ring mail for 351 gold pieces
 48641 | Orc:4    | Identified the +3 ring mail of Jyet {*Contam +Blink Stlth+} (You bought it in a shop on level 4 of the Orcish Mines)
 48655 | Orc:4    | Bought an embroidered cloak for 144 gold pieces
 49046 | Lair:8   | Entered Level 8 of the Lair of Beasts
 49291 | Lair:8   | Reached skill level 7 in Invocations
 49414 | Lair:8   | Received a gift from Okawaru
 49414 | Lair:8   | Reached skill level 7 in Armour
 49620 | Lair:8   | Got a shimmering robe
 49621 | Lair:8   | Identified the +2 robe "Elefidim" {Dex+2} (You found it on level 8 of the Lair of Beasts)
 49834 | Lair:8   | Received a gift from Okawaru
 49982 | Lair:8   | Reached skill level 8 in Armour
 50003 | Lair:8   | Reached skill level 8 in Invocations
 51197 | Lair:8   | Received a gift from Okawaru
 51376 | Lair:8   | Reached skill level 9 in Armour
 51436 | Lair:8   | Reached XP level 17. HP: 98/113 MP: 23/23
 52146 | Lair:2   | Killed an ice devil
 52163 | Lair:2   | Killed an ice statue
 53012 | D:14     | Reached skill level 10 in Armour
 53130 | D:13     | Got a crude amber ring
 53132 | D:13     | Identified the ring "Unlusuib" {SustAb MR+ Dex+3} (You acquired it on level 13 of the Dungeon)
 53245 | D:13     | Reached skill level 1 in Evocations
 53331 | D:14     | Reached skill level 2 in Evocations
 53524 | D:14     | Reached skill level 3 in Evocations
 54207 | D:14     | Reached skill level 4 in Evocations
 54252 | D:14     | Received a gift from Okawaru
 54330 | D:14     | Found a gate to the Vaults.
 54354 | D:14     | Reached skill level 11 in Armour
 54666 | D:14     | Identified a +1 rod of inaccuracy (13/13) (You found it on level 14 of the Dungeon)
 54778 | D:15     | Entered Level 15 of the Dungeon
 54945 | D:15     | Noticed Nessos
 54997 | D:15     | Killed Nessos
 54997 | D:15     | Reached skill level 5 in Evocations
 55038 | D:15     | Found a staircase to the Depths.
 55049 | D:15     | Received a gift from Okawaru
 55062 | D:15     | Paralysed by an orc sorcerer for 5 turns
 55495 | D:15     | Received a gift from Okawaru
 55496 | D:15     | Got a polished buckler {god gift}
 55499 | D:15     | Noticed Kirke
 55517 | D:15     | Killed Kirke
 55542 | D:15     | Noticed Agnes
 55632 | D:15     | Killed Agnes
 55632 | D:15     | Reached skill level 6 in Evocations
 56681 | Lair:1   | Identified the +0 buckler of the Castellan {rF+++ rCorr Str-4 Dex+2} (Okawaru gifted it to you on level 15 of the Dungeon)
 57085 | Shoals:1 | Entered Level 1 of the Shoals
 57142 | Shoals:1 | Reached skill level 12 in Armour
 57251 | Shoals:1 | Reached XP level 18. HP: 113/119 MP: 24/24
 57343 | Shoals:1 | Reached skill level 7 in Evocations
 57772 | Shoals:1 | HP: 25/119 [snapping turtle (19)]
 57778 | Shoals:1 | HP: 22/119 [poisoned by a sea snake]
 58542 | Shoals:1 | HP: 16/119 [water nymph/the raging water (25)]
 59418 | Shoals:2 | Reached skill level 8 in Evocations
 60001 | Shoals:2 | Upgraded the game from 0.17-a0-1093-g0b3cd89 to 0.17-a0-1105-gbe8b664
 60247 | Shoals:2 | Received a gift from Okawaru
 60532 | Shoals:1 | Reached skill level 13 in Armour
 60660 | Shoals:3 | Noticed Nikola
 60812 | Shoals:3 | Identified Sif Muna's Reference Book on Virous Confrontation
 60940 | Shoals:3 | Noticed Louise
 60940 | Shoals:3 | Noticed Ilsuiw
 60952 | Shoals:3 | Killed Louise
 60952 | Shoals:3 | Reached skill level 9 in Evocations
 61063 | Shoals:3 | Found Achoecs's Assorted Antiques.
 61087 | Shoals:3 | Bought a bubbling cyan potion for 31 gold pieces
 61087 | Shoals:3 | Bought a scroll of identify for 70 gold pieces
 61225 | Shoals:3 | Killed Nikola
 61225 | Shoals:3 | Received a gift from Okawaru
 61798 | Shoals:4 | Entered Level 4 of the Shoals
 62212 | Shoals:4 | Noticed Jorgrun
 62231 | Shoals:4 | Killed Jorgrun
 62231 | Shoals:4 | Reached skill level 10 in Evocations
 62330 | Shoals:4 | Received a gift from Okawaru
 62331 | Shoals:4 | Got a bloodstained arbalest {god gift}
 62333 | Shoals:4 | Identified the +1 arbalest of the People {venom, rC+} (Okawaru gifted it to you on level 4 of the Shoals)
 62545 | Shoals:4 | Reached XP level 19. HP: 83/124 MP: 26/26
 62548 | Shoals:4 | Reached skill level 14 in Armour
 62863 | Shoals:4 | Got a barnacled rune of Zot
 64093 | Shoals:4 | HP: 30/124 [water nymph/the raging water (18)]
 64117 | Shoals:4 | HP: 27/124 [something/ball of steam (14)]
 64158 | Shoals:4 | HP: 35/124 [merfolk javelineer/javelin (12)]
 64540 | Shoals:3 | Killed Ilsuiw
 64540 | Shoals:3 | Received a gift from Okawaru
 64757 | Shoals:4 | Reached skill level 15 in Armour
 64842 | Shoals:4 | Received a gift from Okawaru
 64904 | Shoals:4 | Identified Ratunacw's Incunabulum of the Escort
 66022 | Spider:1 | Entered Level 1 of the Spider Nest
 66571 | Spider:1 | You are sucked into a shaft!
 66625 | Spider:2 | Noticed Donald
 66665 | Spider:2 | Killed Donald
 66782 | Spider:1 | Reached skill level 11 in Crossbows
 67016 | Spider:2 | Noticed Asterion
 67026 | Spider:2 | Killed Asterion
 67497 | Spider:2 | Noticed Aizul
 67528 | Spider:2 | Killed Aizul
 67948 | Spider:3 | Reached skill level 12 in Crossbows
 68100 | Spider:3 | Noticed Wiglaf
 68124 | Spider:3 | Killed Wiglaf
 68124 | Spider:3 | Reached skill level 16 in Fighting
 68171 | Spider:3 | Reached XP level 20. HP: 126/131 MP: 27/27
 68582 | Spider:3 | Received a gift from Okawaru
 68585 | Spider:3 | Got a transparent buckler {god gift}
 69100 | Spider:3 | Got a translucent copper ring
 69113 | Spider:3 | Identified the ring of Duduaxt {rElec rF+ MR+ MP-9} (You found it on level 3 of the Spider Nest)
 69315 | Spider:3 | Reached skill level 13 in Crossbows
 69889 | Spider:3 | Identified the +0 buckler of Quantum Leap {rF+} (Okawaru gifted it to you on level 3 of the Spider Nest)
 70609 | Spider:4 | Entered Level 4 of the Spider Nest
 71454 | Spider:4 | Received a gift from Okawaru
 71454 | Spider:4 | Reached skill level 17 in Fighting
 71677 | Spider:4 | Reached skill level 14 in Crossbows
 73044 | Spider:4 | Got a gossamer rune of Zot
 73304 | Lair:1   | Upgraded the game from 0.17-a0-1105-gbe8b664 to 0.17-a0-1115-g0372368
 73563 | Vaults:1 | Entered Level 1 of the Vaults
 73840 | Vaults:1 | Reached skill level 15 in Crossbows
 73880 | Vaults:1 | Got a crude scimitar
 73905 | Vaults:1 | Noticed ololoev's ghost (mighty FoEE)
 74018 | Vaults:1 | Reached XP level 21. HP: 140/140 MP: 28/28
 74502 | Vaults:1 | HP: 34/140 [deep troll[an ironheart preserver] (10)]
 74506 | Vaults:1 | Reached skill level 18 in Fighting
 74514 | Vaults:1 | HP: 31/141 [ololoev's ghost/blast of rock fragments (4)]
 74618 | Vaults:1 | HP: 42/141 [ololoev's ghost (1)]
 74634 | Vaults:1 | Killed ololoev's ghost
 74709 | Vaults:1 | Identified the +3 scimitar of Vytuxass {elec, rElec rC+} (You found it on level 1 of the Vaults)
 76150 | Vaults:2 | Received a gift from Okawaru
 76192 | Vaults:1 | Reached skill level 16 in Crossbows
 76852 | Vaults:2 | Found Lagg's Assorted Antiques.
 76860 | Vaults:2 | Bought a sapphire ring for 130 gold pieces
 76860 | Vaults:2 | Bought a potion of resistance for 260 gold pieces
 76982 | Vaults:2 | Found a staircase to the Crypt.
 78063 | Vaults:2 | Reached skill level 19 in Fighting
 78063 | Vaults:2 | Reached skill level 17 in Crossbows
 78359 | Vaults:3 | HP: 32/144 [vault guard/battleaxe[a vault warden] (23)]
 78365 | Vaults:3 | HP: 17/144 [stone giant (14)]
 78699 | Vaults:3 | Received a gift from Okawaru
 78700 | Vaults:3 | Got a pair of twisted boots {god gift}
 78782 | Vaults:3 | Reached XP level 22. HP: 143/150 MP: 29/29
 79608 | Vaults:3 | Identified the +2 pair of boots "Ejiret" {Int+4 Slay-4} (Okawaru gifted it to you on level 3 of the Vaults)
 80134 | Vaults:4 | Noticed Saint Roka
 80225 | Vaults:4 | Killed Saint Roka
 80454 | Vaults:4 | Reached skill level 18 in Crossbows
 80667 | Vaults:4 | Noticed a golden dragon
 80698 | Vaults:4 | Killed a golden dragon
 80809 | Vaults:4 | Noticed Margery
 80824 | Vaults:4 | HP: 38/152 [hell knight/nerve-wracking pain[Margery] (9)]
 80825 | Vaults:4 | HP: 8/152 [Margery/bolt of fire (22)]
 80833 | Vaults:4 | HP: 28/152 [griffon (2)]
 81259 | Vaults:4 | Paralysed by a great orb of eyes for 4 turns
 81292 | Vaults:4 | Received a gift from Okawaru
 81390 | Vaults:4 | Killed Margery
 81423 | Vaults:4 | Reached skill level 20 in Fighting
 81432 | Vaults:4 | HP: 45/152 [hell knight/nerve-wracking pain[Margery] (7)]
 81440 | Vaults:4 | HP: 42/152 [hell knight/bolt of fire[Margery] (5)]
 81864 | Vaults:4 | Reached skill level 18 in Dodging
 81977 | Vaults:4 | Got a steaming lajatang {god gift}
 82197 | Vaults:3 | Identified the +0 lajatang of the Empty Page {speed, rF+} (Okawaru gifted it to you on level 4 of the Vaults)
 82574 | Vaults:4 | Received a gift from Okawaru
 83700 | Shoals:3 | Bought a paperback book for 525 gold pieces
 84115 | Depths:1 | Entered Level 1 of the Depths
 84541 | D:15     | Reached skill level 12 in Short Blades
 84736 | Depths:1 | Reached skill level 1 in Long Blades
 84737 | Depths:1 | HP: 36/152 [tengu reaver/bolt of magma[Sojobo] (30)]
 84750 | Depths:1 | HP: 34/152 [tengu reaver/great sword of venom[Sojobo] (3)]
 84753 | Depths:1 | Reached skill level 19 in Dodging
 84840 | Depths:1 | Noticed Sojobo
 84892 | Depths:1 | Reached XP level 23. HP: 81/156 MP: 28/30
 85221 | Depths:1 | Killed Sojobo
 85221 | Depths:1 | Reached skill level 2 in Long Blades
 85304 | Depths:1 | HP: 46/156 [cyan very ugly thing (16)]
 85773 | Depths:1 | Found a glowing golden altar of the Shining One.
 86146 | Depths:1 | Found a one-way gate leading to the halls of Pandemonium.
 86181 | Depths:1 | Reached skill level 3 in Long Blades
 86538 | Depths:1 | Received a gift from Okawaru
 86561 | Depths:1 | Got a slimy robe {god gift}
 86563 | Depths:1 | Identified the +1 robe "Unno" {rC+} (Okawaru gifted it to you on level 1 of the Depths)
 86737 | Depths:1 | Reached skill level 20 in Dodging
 87214 | Depths:1 | Reached skill level 4 in Long Blades
 87263 | Depths:1 | Found a gateway to Hell.
 87387 | Depths:1 | Found a one-way gate to the infinite horrors of the Abyss.
 88156 | Depths:2 | Found a corrupted altar of Lugonu.
 88398 | Depths:2 | Found a runed door.
 88509 | Depths:2 | Reached skill level 5 in Long Blades
 88923 | Depths:2 | Found a snail-covered altar of Cheibriados.
 89343 | Depths:2 | Found a runed door.
 89637 | Depths:2 | HP: 46/156 [daeva/divine providence (9)]
 90002 | Depths:2 | Reached skill level 21 in Dodging
 90206 | Depths:2 | HP: 40/156 [daeva/divine providence (13)]
 90807 | Depths:2 | Received a gift from Okawaru
 91076 | Depths:2 | Paralysed by a vampire knight for 6 turns
 91216 | Depths:2 | Noticed Mennas
 91274 | Depths:2 | Reached XP level 24. HP: 147/163 MP: 29/30
 91301 | Depths:2 | Reached skill level 6 in Long Blades
 91324 | Depths:2 | Found a glowing silver altar of Zin.
 91336 | Depths:2 | Found a runed door.
 91770 | Depths:2 | Received a gift from Okawaru
 91834 | Depths:2 | Found a runed door.
 92381 | Crypt:1  | Entered Level 1 of the Crypt
 93544 | Crypt:2  | Reached skill level 22 in Dodging
 93678 | Crypt:2  | Reached skill level 7 in Long Blades
 93722 | Crypt:2  | Received a gift from Okawaru
 94729 | Crypt:3  | Entered Level 3 of the Crypt
 94838 | Crypt:3  | Received a gift from Okawaru
 94839 | Crypt:3  | Got an encrusted crystal plate armour {god gift}
 94947 | Crypt:2  | Identified the +11 crystal plate armour of Demons {+Inv Str+4} (Okawaru gifted it to you on level 3 of the Crypt)
 95635 | Crypt:3  | Found an ancient bone altar of Kikubaaqudgha.
 95799 | Crypt:3  | Reached skill level 8 in Long Blades
 96166 | Crypt:3  | Reached skill level 16 in Armour
 96838 | Crypt:3  | Reached XP level 25. HP: 135/168 MP: 30/30
 97450 | Crypt:3  | Noticed Khufu
 97469 | Crypt:3  | HP: 38/168 [emperor scorpion[Khufu] (14)]
 97479 | Crypt:3  | HP: 27/168 [guardian mummy/stone (2)]
 97486 | Crypt:3  | HP: 3/168 [guardian mummy's death curse (26)]
 97516 | Crypt:3  | HP: 33/168 [eidolon/bolt of negative energy (2)]
 97882 | Lair:1   | Learned a level 1 spell: Apportation
 98424 | Crypt:3  | Found a staircase to the Tomb.
 98545 | Crypt:3  | Received a gift from Okawaru
 98545 | Crypt:3  | Reached skill level 9 in Long Blades
 98581 | Crypt:3  | Identified Khufu's Guide on Dark Rites
 98583 | Crypt:3  | Got a wavering ivory ring
 98583 | Crypt:3  | Got a warped marble ring
 98583 | Crypt:3  | Got a wavering pewter ring
 98590 | Crypt:3  | Identified the ring of the Present {rN+ Str+4 Int+5} (You found it on level 3 of the Crypt)
 98591 | Crypt:3  | Identified the ring "Poskape" {rC+ rN+ Str+3 Int+2 Dex+3} (You found it on level 3 of the Crypt)
 98592 | Crypt:3  | Identified the ring "Nybbid" {rElec rF- rC+ rN+ MR+} (You found it on level 3 of the Crypt)
100016 | Depths:2 | Found a runed door.
100108 | Depths:3 | Cast into the Abyss (hell knight)
100268 | Depths:3 | Escaped the Abyss
100743 | Depths:3 | Found a gateway to a ziggurat.
100796 | Depths:3 | Reached skill level 17 in Armour
101413 | Depths:3 | Noticed the Enchantress
101847 | Depths:3 | Paralysed by a sphinx for 6 turns
101852 | Depths:3 | HP: 47/168 [fire giant/great sword of flaming (8)]
101868 | Depths:3 | HP: 19/168 [spriggan druid/stone arrow (18)]
101868 | Depths:3 | Killed from afar by a spriggan druid

Vault maps used:
D:1:      dpeg_arrival_round_b, minmay_gold_behind_fungi
D:2:      nicolae_ru_great_annihilating_truth, minmay_misc_feat_encased
D:4:      lemuel_doored_altar, minitemple, minmay_misc_feat_nine_boxes,
          st_stairs_5, uniq_grinder, uniq_eustachio
D:5:      first_bread, evilmike_ruin_ashenzari
D:6:      uniq_sigmund, uniq_duvessa
D:7:      kennysheep_little_box, roderic_hopi_sauvastika
D:9:      lemuel_blue_sif_altar, minmay_lair_entry_grove
D:10:     orc_0_dummy, nicolae_trove_entry_free_sample, basic_altar,
          serial_shops, shop_statue, hangedman_tree_tricks, due_unseen_surprise
D:11:     serial_shops, kennysheep_mini
D:12:     uniq_sonja
D:13:     uniq_maurice
D:14:     minmay_curly_fans, lightli_vaults_fourway_checkpoint
D:15:     hangedman_depths_entry_civil_slaughter, minmay_misc_feat_square,
          spider_trap, uniq_agnes, uniq_kirke, uniq_nessos
Temple:   bh_familiar_temple
Lair:1:   basic_altar, grunt_megastairs_2
Lair:2:   fungi_pond_lemuel, minmay_stone_trees_small, ice2_lemuel,
          lemuel_fruit_tree, uniq_fannar
Lair:4:   gammafunk_lair_enchanted_lake, spider_nest_entry_web_field, uniq_urug,
          uniq_maud
Lair:5:   st_stairs_13, grunt_megastairs_1
Lair:6:   elwin_shoals_entry_rooms, uniq_rupert
Lair:7:   minmay_lair_oklob_items, slime_altar_2,
          lightli_volcano_entry_magma_tube
Lair:8:   guppyfry_lair_end_dragon, hangedman_lair_tendril_chambers,
          grunt_forest_large_clearing_hut
Shoals:1: nicolae_shoals_loop_pool
Shoals:3: serial_shops, nicolae_shop_trees, uniq_nikola, uniq_louise,
          uniq_ilsuiw
Shoals:4: shoals_end_simple, shoals_ilsuiw_alternative, uniq_jorgrun
Spider:2: hangedman_spider_tarantella_strand, uniq_aizul, uniq_donald,
          uniq_asterion
Spider:3: hangedman_creepy_crawlies, uniq_wiglaf
Spider:4: grunt_spider_rune_island
Orc:1:    serial_shops, nicolae_shop_window_shopping
Orc:2:    mines3_lemuel
Orc:3:    portal_ice_cave_entry_ice_beasts, nicolae_orc_pool_cavern,
          nooodl_orcs_dogs
Orc:4:    st_orc_pillars
Vaults:1: vaults_mumra_lcd, v_misc_4, v_misc_16, v_rooms_1, v_misc_2,
          nicolae_vaults_circle_grid_a, vaults_room_door_hall, v_misc_27,
          vaults_standard_mumra_lines, vaults_room_fancy_cross
Vaults:2: minmay_crypt_entry_simple_statues, vaults_room_fancy_cross, v_misc_22,
          vaults_dpeg_diagonal, vaults_mumra_chevron, nicolae_vaults_rhombus_7,
          nicolae_vaults_border_crossing, nicolae_vaults_little_squares_5,
          ontoclasm_vaults_ligature, serial_shops, shop
Vaults:3: v_misc_17, vaults_mumra_bighexcomb, ontoclasm_vaults_bender,
          ontoclasm_vaults_idyll, hangedman_vaults_river_flow,
          hangedman_vaults_slither, hangedman_vaults_nails, v_misc_29,
          v_misc_19, nicolae_vaults_little_squares_1, hangedman_vaults_nails,
          ontoclasm_vaults_ring_square, hangedman_vaults_trim,
          vaults_dpeg_encased_lava
Vaults:4: vaults_room_stairs_pillars, grunt_vaults_bifocal, vaults_room_pools,
          ontoclasm_vaults_gallery, ontoclasm_vaults_ring_small, v_misc_27,
          vaults_mumra_hexcomb, v_misc_4, v_misc_25,
          nicolae_vaults_little_squares_5, hangedman_vaults_cutoff,
          ontoclasm_vaults_tryst, vaults_room_corners, uniq_margery,
          uniq_saint_roka
Crypt:1:  uniq_mennas
Crypt:3:  grunt_crypt_end_deaths_head
Depths:1: hell_entry, marbit_kobold_abyss_entry, mu_enter_wizlab_7,
          hangedman_decor_points, pan_entry, tso_metal_star, uniq_sojobo
Depths:2: evilmike_silver_temple, kennysheep_flooded_box,
          abyss_entry_flame_altar, grunt_hell_entry_dis_grunt
Depths:3: hangedman_hanging_gardens, enter_ziggurat_e, kennysheep_another_room,
          hell_entry, nicolae_abyss_entry_one_way_or_another,
          grunt_pan_entry_sceptre, serial_column_ruins,
          column_ruins_portal_astroid, column_ruins_hut_ruined,
          column_ruins_open_small_water, column_ruins_grid_4,
          column_ruins_grid_1, column_ruins_grid_1, uniq_enchantress
IceCv:    ice_cave_small_dragons
Volcano:  volcano_grotto

Action                   |  1- 3 |  4- 6 |  7- 9 | 10-12 | 13-15 | 16-18 | 19-21 | 22-24 | 25-27 || total
-------------------------+-------+-------+-------+-------+-------+-------+-------+-------+-------++-------
Melee: Short sword       |    78 |   233 |   599 |   391 |       |       |       |       |       ||  1301
       Dagger            |       |       |    33 |   864 |  2379 |       |       |       |       ||  3276
       Rapier            |       |       |       |   514 |   103 |       |       |       |       ||   617
       Quick blade       |       |       |       |       |   204 |  2228 |  2768 |  1487 |    47 ||  6734
       Scimitar          |       |       |       |       |       |       |       |   274 |       ||   274
       Eudemon blade     |       |       |       |       |       |       |       |   890 |   350 ||  1240
 Fire: Hand crossbow     |       |       |       |       |   191 |       |       |       |       ||   191
       Arbalest          |       |       |       |       |   237 |   520 |   394 |       |       ||  1151
       Triple crossbow   |       |       |       |       |       |     1 |   176 |   818 |   213 ||  1208
       Blowgun           |       |       |       |       |       |     3 |     2 |       |       ||     5
Throw: Tomahawk          |     8 |    16 |    27 |    63 |    35 |       |       |       |       ||   149
       Stone             |     4 |    12 |       |       |       |       |       |       |       ||    16
       Throwing net      |       |       |       |       |       |     1 |       |       |       ||     1
Invok: Heroism           |       |       |     3 |    20 |    28 |     2 |     8 |     6 |     2 ||    69
       Finesse           |       |       |       |       |       |       |       |     1 |       ||     1
 Abil: Evoke Teleport Co |       |       |       |       |       |       |       |     1 |       ||     1
Evoke: Wand              |       |       |     1 |     2 |    13 |       |       |       |     5 ||    21
  Use: Scroll            |     2 |     5 |    11 |    13 |    14 |    15 |     9 |    16 |    14 ||    99
       Potion            |       |     5 |     3 |     4 |     4 |     3 |     8 |     3 |     4 ||    34
 Stab: Sleeping          |     1 |     3 |     6 |    20 |    48 |    21 |    29 |     6 |       ||   134
       Paralysed         |       |     1 |       |       |       |       |       |       |       ||     1
       Distracted        |       |     1 |     2 |     4 |     6 |     4 |     4 |     2 |       ||    23
       Fleeing           |       |       |       |       |     1 |       |       |       |       ||     1
  Eat: Chunk             |     9 |     9 |    31 |    45 |    74 |    51 |    51 |    51 |    17 ||   338
       Beef jerky        |       |       |       |       |       |       |       |     1 |     3 ||     4

Table legend:
 A = Turns spent in this place as a percentage of turns spent in the entire game.
 B = Non-inter-level travel turns spent in this place as a percentage of non-inter-level travel turns spent in the entire game.
 C = Inter-level travel turns spent in this place as a percentage of turns spent in this place.
 D = Turns resting spent in this place as a percentage of non-inter-level travel turns spent in this place.
 E = Turns spent auto-exploring this place as a percentage of non-inter-level travel turns spent in this place.
 F = Non-inter-level travel turns spent in this place divided by the number of levels of this place that you've seen.
                   A       B       C       D       E      F
               +-------+-------+-------+-------+-------+----------------------
         Total | 100.0 | 100.0 |   0.5 |   1.8 |   1.9 | 955.0
       Dungeon |  24.1 |  24.1 |   0.7 |   2.3 |   2.7 | 751.7
        Temple |   0.3 |   0.3 |   1.7 |   0.0 |   2.5 | 119.0
          Lair |  18.6 |  18.6 |   0.9 |   1.5 |   2.0 | 1087.0
        Shoals |   8.2 |   8.2 |   0.5 |   2.1 |   1.4 | 958.8
   Spider Nest |   9.5 |   9.5 |   0.3 |   0.6 |   1.3 | 1114.5
  Orcish Mines |  10.5 |  10.5 |   0.5 |   2.0 |   1.0 | 1227.5
        Vaults |  10.8 |  10.8 |   0.3 |   1.4 |   2.1 | 1267.2
         Crypt |   6.4 |   6.4 |   0.2 |   1.5 |   1.5 | 1005.7
        Depths |   9.2 |   9.2 |   0.3 |   2.2 |   1.7 | 1437.3
         Abyss |   0.3 |   0.3 |   0.0 |   0.0 |   0.7 | 146.0
      Ice Cave |   1.3 |   1.3 |   0.0 |   3.3 |   0.3 | 608.0
       Volcano |   0.7 |   0.7 |   0.0 |   1.4 |   0.3 | 347.0
               +-------+-------+-------+-------+-------+----------------------

Vault maps used:
D:1:      dpeg_arrival_round_b, minmay_gold_behind_fungi
D:2:      nicolae_ru_great_annihilating_truth, minmay_misc_feat_encased
D:4:      lemuel_doored_altar, minitemple, minmay_misc_feat_nine_boxes,
          st_stairs_5, uniq_grinder, uniq_eustachio
D:5:      first_bread, evilmike_ruin_ashenzari
D:6:      uniq_sigmund, uniq_duvessa
D:7:      kennysheep_little_box, roderic_hopi_sauvastika
D:9:      lemuel_blue_sif_altar, minmay_lair_entry_grove
D:10:     orc_0_dummy, nicolae_trove_entry_free_sample, basic_altar,
          serial_shops, shop_statue, hangedman_tree_tricks, due_unseen_surprise
D:11:     serial_shops, kennysheep_mini
D:12:     uniq_sonja
D:13:     uniq_maurice
D:14:     minmay_curly_fans, lightli_vaults_fourway_checkpoint
D:15:     hangedman_depths_entry_civil_slaughter, minmay_misc_feat_square,
          spider_trap, uniq_agnes, uniq_kirke, uniq_nessos
Temple:   bh_familiar_temple
Lair:1:   basic_altar, grunt_megastairs_2
Lair:2:   fungi_pond_lemuel, minmay_stone_trees_small, ice2_lemuel,
          lemuel_fruit_tree, uniq_fannar
Lair:4:   gammafunk_lair_enchanted_lake, spider_nest_entry_web_field, uniq_urug,
          uniq_maud
Lair:5:   st_stairs_13, grunt_megastairs_1
Lair:6:   elwin_shoals_entry_rooms, uniq_rupert
Lair:7:   minmay_lair_oklob_items, slime_altar_2,
          lightli_volcano_entry_magma_tube
Lair:8:   guppyfry_lair_end_dragon, hangedman_lair_tendril_chambers,
          grunt_forest_large_clearing_hut
Shoals:1: nicolae_shoals_loop_pool
Shoals:3: serial_shops, nicolae_shop_trees, uniq_nikola, uniq_louise,
          uniq_ilsuiw
Shoals:4: shoals_end_simple, shoals_ilsuiw_alternative, uniq_jorgrun
Spider:2: hangedman_spider_tarantella_strand, uniq_aizul, uniq_donald,
          uniq_asterion
Spider:3: hangedman_creepy_crawlies, uniq_wiglaf
Spider:4: grunt_spider_rune_island
Orc:1:    serial_shops, nicolae_shop_window_shopping
Orc:2:    mines3_lemuel
Orc:3:    portal_ice_cave_entry_ice_beasts, nicolae_orc_pool_cavern,
          nooodl_orcs_dogs
Orc:4:    st_orc_pillars
Vaults:1: vaults_mumra_lcd, v_misc_4, v_misc_16, v_rooms_1, v_misc_2,
          nicolae_vaults_circle_grid_a, vaults_room_door_hall, v_misc_27,
          vaults_standard_mumra_lines, vaults_room_fancy_cross
Vaults:2: minmay_crypt_entry_simple_statues, vaults_room_fancy_cross, v_misc_22,
          vaults_dpeg_diagonal, vaults_mumra_chevron, nicolae_vaults_rhombus_7,
          nicolae_vaults_border_crossing, nicolae_vaults_little_squares_5,
          ontoclasm_vaults_ligature, serial_shops, shop
Vaults:3: v_misc_17, vaults_mumra_bighexcomb, ontoclasm_vaults_bender,
          ontoclasm_vaults_idyll, hangedman_vaults_river_flow,
          hangedman_vaults_slither, hangedman_vaults_nails, v_misc_29,
          v_misc_19, nicolae_vaults_little_squares_1, hangedman_vaults_nails,
          ontoclasm_vaults_ring_square, hangedman_vaults_trim,
          vaults_dpeg_encased_lava
Vaults:4: vaults_room_stairs_pillars, grunt_vaults_bifocal, vaults_room_pools,
          ontoclasm_vaults_gallery, ontoclasm_vaults_ring_small, v_misc_27,
          vaults_mumra_hexcomb, v_misc_4, v_misc_25,
          nicolae_vaults_little_squares_5, hangedman_vaults_cutoff,
          ontoclasm_vaults_tryst, vaults_room_corners, uniq_margery,
          uniq_saint_roka
Crypt:1:  uniq_mennas
Crypt:3:  grunt_crypt_end_deaths_head
Depths:1: hell_entry, marbit_kobold_abyss_entry, mu_enter_wizlab_7,
          hangedman_decor_points, pan_entry, tso_metal_star, uniq_sojobo
Depths:2: evilmike_silver_temple, kennysheep_flooded_box,
          abyss_entry_flame_altar, grunt_hell_entry_dis_grunt
Depths:3: hangedman_hanging_gardens, enter_ziggurat_e, kennysheep_another_room,
          hell_entry, nicolae_abyss_entry_one_way_or_another,
          grunt_pan_entry_sceptre, serial_column_ruins,
          column_ruins_portal_astroid, column_ruins_hut_ruined,
          column_ruins_open_small_water, column_ruins_grid_4,
          column_ruins_grid_1, column_ruins_grid_1, uniq_enchantress
IceCv:    ice_cave_small_dragons
Volcano:  volcano_grotto
